AoeStats
← King dyranutane

African Clearing

510351660Analyzed
4v4 RM · 1d ago on Sep 30, 2026· 59m 23s· 8 players
Game mode
Random Map
Map size
Large (8 player)
Population
200
Speed
Normal
Resources
Standard
Victory
Conquest
Starting age
Dark Age
Ending age
Imperial Age
RankedLock teamsTeams togetherTeam positionsShared explorationLock speedFull tech treeHidden civsTurbo modeCheats
Victory
Defeat
🇺🇸 Mongols · United States
1331
+14
🇯🇵 Spanish · Japan
1326
+14
🇩🇪 Hindustanis · Germany
1263
+18
🇩🇪 Berbers · Germany
1262
+17
🇭🇰 Varangians · Hong Kong SAR China
1325
-17
🇭🇰 Huns · Hong Kong SAR China
1325
-17
🇭🇰 Vietnamese · Hong Kong SAR China
1287
-16
🇭🇰 Bulgarians · Hong Kong SAR China
1215
-13
FuNG
5:10 Loom
13:03 Feudal Age
18:10 Castle Age
16:04 Double-Bit Axe
18:03 Horse Collar
18:54 Fletching
27:46 Elite Skirmisher
29:04 Padded Archer Armor
UnHappy
5:53 Loom
13:34 Feudal Age
14:28 Double-Bit Axe
17:16 Castle Age
15:57 Fletching
18:18 Bodkin Arrow
24:16 Padded Archer Armor
29:44 Ballistics
32:53 Leather Archer Armor
34:26 Wheelbarrow
34:06 Bow Saw
35:08 Thumb Ring
37:00 Husbandry
37:51 Bloodlines
41:04 Imperial Age
38:26 Gold Mining
39:45 Hand Cart
39:51 Horse Collar
40:05 Stone Mining
41:28 Scale Barding Armor
41:34 Forging
41:19 Cavalier
42:08 Bracer
43:39 Chemistry
43:56 Chain Barding Armor
44:11 Iron Casting
44:04 Parthian Tactics
43:47 Heavy Cavalry Archer
44:01 Light Cavalry
46:05 Plate Barding Armor
46:46 Two-Man Saw
45:37 Paladin
47:27 Blast Furnace
47:17 Conscription
48:03 Hussar
49:24 Town Watch
52:45 Marauders
53:17 Elite Tarkan
54:18 Atheism
55:43 Heavy Plow
Aker Starlight
5:00 Loom
12:54 Feudal Age
14:13 Double-Bit Axe
15:50 Bloodlines
19:42 Horse Collar
23:45 Castle Age
23:18 Forging
23:14 Scale Barding Armor
25:26 Wheelbarrow
25:31 Bow Saw
25:30 Heavy Plow
27:48 Iron Casting
31:16 Husbandry
31:39 Chain Barding Armor
35:40 Fletching
44:25 Imperial Age
42:12 Hand Cart
42:44 Gold Mining
42:44 Stone Mining
45:49 Cavalier
45:53 Vendel Legacy
48:47 Plate Barding Armor
49:13 Blast Furnace
百無聊賴
3:30 Loom
13:46 Feudal Age
14:14 Town Watch
15:47 Fletching
33:00 Castle Age
32:09 Wheelbarrow
34:03 Bodkin Arrow
34:49 Padded Archer Armor
36:44 Leather Archer Armor
36:37 Double-Bit Axe
42:11 Elite Skirmisher
50:58 Ballistics
54:49 Imperial Age
54:20 Bow Saw
56:09 Bracer
55:44 Imperial Skirmisher
56:31 Thumb Ring
57:29 Chemistry
DUDA
8:35 Loom
12:26 Feudal Age
12:59 Double-Bit Axe
15:06 Scale Barding Armor
15:11 Forging
16:02 Forging
17:38 Bloodlines
17:34 Horse Collar
23:47 Castle Age
22:19 Gold Mining
25:45 Husbandry
26:12 Chain Barding Armor
28:47 Gold Shaft Mining
32:15 Wheelbarrow
31:27 Town Watch
33:55 Iron Casting
33:21 Padded Archer Armor
38:41 Imperial Age
36:31 Hand Cart
37:12 Ballistics
36:48 Stone Mining
38:23 Leather Archer Armor
37:59 Fletching
40:30 Blast Furnace
40:34 Thumb Ring
40:28 Bodkin Arrow
41:36 Chemistry
42:01 Conscription
42:10 Parthian Tactics
43:01 Bow Saw
43:01 Bracer
43:32 Heavy Cavalry Archer
45:40 Elite Mangudai
46:44 Drill
46:32 Elite Steppe Lancer
47:30 Capped Ram
48:21 Siege Ram
King dyranutane
5:06 Loom
12:27 Feudal Age
16:30 Wheelbarrow
15:43 Double-Bit Axe
16:51 Fletching
21:41 Horse Collar
22:28 Gold Mining
25:23 Stone Mining
26:28 Town Watch
29:48 Castle Age
30:36 Scale Mail Armor
29:59 Pikeman
31:49 Squires
45:57 Bow Saw
45:49 Heavy Plow
49:19 Forging
50:03 Hand Cart
50:59 Arson
51:57 Chain Mail Armor
52:57 Forging
54:03 Bodkin Arrow
58:33 Iron Casting
58:19 Scale Barding Armor
62:07 Imperial Age
ggmax
3:43 Loom
13:04 Feudal Age
17:43 Castle Age
16:04 Double-Bit Axe
17:25 Horse Collar
17:48 Padded Archer Armor
18:56 Bow Saw
19:25 Wheelbarrow
22:05 Leather Archer Armor
25:23 Bloodlines
31:23 Husbandry
32:04 Scale Barding Armor
33:22 Forging
34:27 Chain Barding Armor
37:07 Iron Casting
38:22 Horse Collar
42:27 Heavy Plow
56:10 Imperial Age
54:04 Gold Mining
54:05 Stone Mining
54:33 Hand Cart
56:33 Stone Shaft Mining
57:17 Conscription
57:58 Chemistry
57:51 Plate Barding Armor
57:48 Ring Archer Armor
57:25 Fletching
57:47 Careening
57:35 Murder Holes
57:17 Elite Conquistador
59:16 Plate Barding Armor
59:04 Bombard Tower
59:05 Ballistics
[O_o] Killerhand
11:50 Loom
14:17 Feudal Age
20:45 Castle Age
22:01 Elite Skirmisher
24:19 Fletching
26:18 Double-Bit Axe
29:12 Husbandry
29:40 Bodkin Arrow
31:55 Bloodlines
32:40 Padded Archer Armor
34:08 Leather Archer Armor
34:22 Ballistics
37:49 Kasbah
40:21 Wheelbarrow
44:10 Imperial Age
42:15 Hand Cart
42:47 Gold Mining
43:31 Bow Saw
44:06 Gold Shaft Mining
43:30 Stone Mining
44:56 Bracer
46:12 Chemistry
45:37 Elite Camel Archer
47:14 Conscription
47:20 Maghrebi Camels
48:20 Ring Archer Armor
59:02 Light Cavalry
Connection lost

Rejoining the realm…

Still unreachable

The connection could not be restored.

Session expired

The server has moved on; the page needs a fresh start.